 Dungeon Crawl Stone Soup version 0.30-a0-629-gd54f4be4f7 (webtiles) character file.

Game seed: 931278493562345604

688 acebull12 the Ruffian (level 7, -3/65 HPs)
             Began as a Troll Gladiator on Jan 12, 2023.
             Slain by a scorpion (4 damage)
             ... on level 5 of the Dungeon.
             The game lasted 00:05:05 (3367 turns).

acebull12 the Ruffian (Troll Gladiator)             Turns: 3367, Time: 00:05:06

Health: -3/65      AC:  4    Str: 25    XL:     7   Next: 36%
Magic:  6/6        EV: 15    Int:  4    God:
Gold:   119        SH:  0    Dex: 11    Spells: 6/6 levels left

rFire   . . .      SeeInvis .      - Unarmed
rCold   . . .      Faith    .    (no shield)
rNeg    . . .      Spirit   .    a - +0 robe
rPois   .          Reflect  .    b - +0 hat
rElec   .          Harm     .    (no cloak)
rCorr   .          Rampage  .    (gloves unavailable)
Will    .....                    (boots unavailable)
Stlth   +                        (no amulet)
HPRegen 1.10/turn                g - +5 ring of evasion
MPRegen 0.10/turn                (no ring)

@: lethally poisoned (-3 -> -8)
A: large, unfitting armour, claws 3, regeneration 1, shaggy fur 1, tough skin 1
a: no special abilities


You were on level 5 of the Dungeon.
You visited 1 branch of the dungeon, and saw 5 of its levels.

You collected 119 gold pieces.

Inventory:

Missiles
 c - 3 throwing nets (quivered)
 d - a large rock
 e - 6 curare-tipped darts
 l - 42 stones
Armour
 a - a +0 robe (worn)
 b - a +0 hat (worn)
Jewellery
 g - a +5 ring of evasion (left claw)
Scrolls
 h - a scroll of fog {unknown}
 k - a scroll of silence {unknown}
 p - 4 scrolls of identify {unknown}
 q - 2 scrolls of magic mapping {unknown}
 r - a scroll of teleportation {unknown}
Potions
 f - 2 potions of might {unknown}
 i - a potion of mutation {unknown}
 j - a potion of heal wounds {unknown}
 m - a potion of flight {unknown}
 n - 2 potions of brilliance {unknown}
 o - 2 potions of haste {unknown}
 s - 2 potions of curing {unknown}
 t - a potion of resistance {unknown}
 u - 2 potions of degeneration {unknown}
 v - a potion of attraction {unknown}
 w - a potion of cancellation {unknown}
 x - 3 potions of invisibility {unknown}


   Skills:
 + Level 2.1 Fighting
 * Level 3.2 Throwing
 + Level 3.6 Dodging
 + Level 0.6 Stealth
 * Level 6.9 Unarmed Combat


You had 6 spell levels left.
You didn't know any spells.
Your spell library contained the following spells:

 Spells                   Type           Power      Damage    Failure   Level
 Kindle Blastsparks       Fire/Tloc/Air  0%         2d10      86%         3
 Vhi's Electric Charge    Tloc/Air       0%         N/A       86%         3
 Animate Dead             Necr           0%         N/A       99%         4
 Fulminant Prism          Conj/Hex       0%         3d5       99%         4
 Iskenderun's Mystic Bla  Conj/Tloc      0%         2d3       99%         4
 Arcjolt                  Conj/Air       0%         1d10      100%        5
 Lee's Rapid Deconstruct  Erth           0%         3d4*      100%        5
 Yara's Violent Unravell  Hex/Tmut       0%         3d3       100%        5
 Enfeeble                 Hex            0%         N/A       100%        7
 Haunt                    Necr/Summ      0%         N/A       100%        7
 Infestation              Necr           0%         N/A       100%        8
 Maxwell's Capacitive Co  Air            0%         ∞         100%        8


Dungeon Overview and Level Annotations

Branches:
Dungeon (5/15)
 Temple: D:4-7

Altars:
Dithmenos
Elyvilon
Kikubaaqudgha
Makhleb
Okawaru
Wu Jian
Zin
The Shining One

Shops:
D:2 :   D:3 ?


Innate Abilities, Weirdness & Mutations

You are too large for most types of armour.
You have claws for hands.
Your natural rate of healing is unusually fast.
You are covered in fur. (AC +1)
You have tough skin. (AC +1)


Message History

You hear some strange, mumbled words.
A magic dart appears from out of thin air!
The magic dart hits you. The orc hits you with a +0 club.
You barely miss something. Your claw misses something.
The scorpion barely misses you.
You miss something. The scorpion stings you.
* * * LOW HITPOINT WARNING * * *
You are poisoned.
The scorpion poisons you! The orc misses you. Something hits you.
* * * LOW HITPOINT WARNING * * *
The scorpion closely misses you.
You claw the scorpion!
The scorpion is almost dead.
You feel sick. Something hits you but does no damage.
The orc hits you but does no damage. The scorpion stings you.
* * * LOW HITPOINT WARNING * * *
You are more poisoned.
The scorpion poisons you!
You scratch the scorpion.
The scorpion is almost dead.
You feel very sick. Something closely misses you.
The orc hits you with a +0 club.
* * * LOW HITPOINT WARNING * * *
The scorpion stings you.
* * * LOW HITPOINT WARNING * * *
You are lethally poisoned!
The scorpion poisons you!
You scratch the scorpion but do no damage.
The scorpion is almost dead.
* * * LOW HITPOINT WARNING * * *
You feel very sick. Something hits you but does no damage.
The orc barely misses you.
The scorpion stings you but does no damage.
You scratch the scorpion but do no damage.
Your claw misses the scorpion.
The scorpion is almost dead.
* * * LOW HITPOINT WARNING * * *
You feel very sick. The scorpion stings you.
You die...

.... ... + ##+# #.
..###..####+#########.
......................
........?.............
#
.####..##########.##.
#...####..## ##.##)
...$..)@...+ #.....
......{os..# #.....
...........# #.....
...........# #.....
...........# #.....
#....###..## ##...#
###+# #### #^..# .....


You could see a scorpion and an orc.

Vanquished Creatures
  Sigmund (D:2)
  2 ogres
  2 orc priests
  An iguana (D:4)
  2 orc wizards
  Robin (D:2)
  7 gnolls
  6 adders
  A shadow imp (D:4)
  2 ufetubi
  A dart slug (D:1)
  2 orcs (D:3)
  5 endoplasms
  5 giant cockroaches
  14 goblins
  9 hobgoblins
  8 kobolds
  2 quokkas
  3 ball pythons
  5 bats
  6 frilled lizards
  6 rats
91 creatures vanquished.

Notes
Turn   | Place    | Note
-------+----------+-------------------------------------------
     0 | D:1      | acebull12 the Troll Gladiator began the quest for the Orb.
     0 | D:1      | Reached XP level 1. HP: 19/19 MP: 0/0
   128 | D:1      | Reached XP level 2. HP: 28/28 MP: 1/1
   799 | D:1      | Reached XP level 3. HP: 32/35 MP: 2/2
  1232 | D:2      | Noticed Sigmund
  1371 | D:2      | Killed Sigmund
  1372 | D:2      | Reached skill level 5 in Unarmed Combat
  1372 | D:2      | Reached XP level 4. HP: 42/42 MP: 3/3
  1372 | D:2      | Reached XP level 5. HP: 49/49 MP: 4/4
  1421 | D:2      | Noticed Robin
  1443 | D:2      | Killed Robin
  1456 | D:2      | Found Miewypug's Book Shop.
  1742 | D:3      | Found a glowing golden altar of the Shining One.
  1742 | D:3      | Found a glowing silver altar of Zin.
  1742 | D:3      | Found a white marble altar of Elyvilon.
  1776 | D:3      | Reached XP level 6. HP: 51/57 MP: 5/5
  1896 | D:3      | Found a faded altar of an unknown god.
  1936 | D:3      | Found Naavunua's Magic Scroll Shoppe.
  2038 | D:3      | Reached skill level 6 in Unarmed Combat
  2098 | D:3      | Found a burning altar of Makhleb.
  2162 | D:3      | Found an ornate altar of the Wu Jian Council.
  2558 | D:4      | Found an iron altar of Okawaru.
  2614 | D:4      | Found a shadowy altar of Dithmenos.
  2820 | D:4      | Found an ancient bone altar of Kikubaaqudgha.
  3002 | D:4      | Reached XP level 7. HP: 65/65 MP: 6/6
  3204 | D:5      | Entered Level 5 of the Dungeon
  3367 | D:5      | HP: 1/65 [poisoned by a scorpion]
  3367 | D:5      | Slain by a scorpion

Illustrated notes

Levels and vault maps discovered:
D:1:      lemuel_arrival_hallway, layout_basic
D:2:      layout_rooms, serial_shops, nicolae_shop_trees, minmay_crystal_water,
          uniq_robin, uniq_sigmund
D:3:      layout_loops_cross, good_gods_mini_temple,
          mainiacjoe_overflow_surrounded_room, nzn_wu_jian_council_hall,
          serial_shops, nicolae_shop_crystal, shapermc_ecumenical_altar_ellora
D:4:      layout_basic, okawaru_ov_weapons_minmay, kiku_gazebo_pond_becter,
          grunt_dithmenos_smoke_and_mirrors, corexii_item_surrounded_by_moat
D:5:      layout_gridville

Skill      XL: |  1  2  3  4  5  6 |
---------------+-------------------+-----
Throwing       | 2 3 |  3.2
Dodging        | 3 |  3.6
Unarmed Combat | 5 6 |  6.9
Fighting       | 2 |  2.1
Stealth        | |  0.6

Action                   |  1- 3 |  4- 6 |  7- 9 || total
-------------------------+-------+-------+-------++-------
Melee: Unarmed           |    84 |   139 |    35 ||   258
       Punch             |     1 |     2 |       ||     3
 Stab: Sleeping          |       |     1 |       ||     1
Armor: Robe              |    26 |    34 |     9 ||    69
Dodge: Dodged            |    50 |    88 |    29 ||   167

Table legend: (Time is in decaauts)
 A = Elapsed time spent in this place.
 B = Non-inter-level travel time spent in this place.
 C = Inter-level travel time spent in this place.
 D = Time resting spent in this place.
 E = Time spent auto-exploring this place.
 F = Levels seen in this place.
 G = Mean time per level.
                   A        B        C        D        E       F      G
               +--------+--------+--------+--------+--------+-----+--------+
         Total |   3344 |   3057 |    287 |    130 |   2345 |   5 |  668.8 |
       Dungeon |   3344 |   3057 |    287 |    130 |   2345 |   5 |  668.8 |
               +--------+--------+--------+--------+--------+-----+--------+

Top non-repeatable levels by time:
     D:1: 1154 daAuts
     D:3: 812 daAuts
     D:4: 730 daAuts
     D:2: 558 daAuts
     D:5: 89 daAuts
